 Dungeon Crawl Stone Soup version 0.22.0-75-g3901e79 (webtiles) character file.

3830 JeffiDaFish the Skirmisher (level 10, -1/55 HPs)
             Began as a Vine Stalker Fighter on Sept 11, 2018.
             Was a Priest of Okawaru.
             Slain by a troll (7 damage)
             ... on level 9 of the Dungeon on Sept 12, 2018.
             The game lasted 00:20:37 (6654 turns).

JeffiDaFish the Skirmisher (Vine Stalker Fighter)   Turns: 6654, Time: 00:20:39

Health: -1/55      AC: 12    Str: 20    XL:     10   Next: 17%
Magic:  0/11       EV:  6    Int:  9    God:    Okawaru [***...]
Gold:   338        SH: 11    Dex: 15    Spells: 9/9 levels left

rFire    . . .     SeeInvis .   a - +2 long sword
rCold    . . .     Gourm    .   c - +0 shield
rNeg     + . .     Faith    .   e - +0 chain mail
rPois    +         Spirit   +   o - +1 helmet
rElec    .         Reflect  .   (no cloak)
rCorr    .         Harm     .   (no gloves)
MR       +....                  (no boots)
Stlth    ..........             (no amulet)
HPRegen  0.58/turn              j - ring of poison resistance
MPRegen  0.12/turn              p - ring of positive energy

@: no status effects
A: fangs 3, regeneration 1, magic shield, antimagic bite, no potion heal 3, rot
immunity
a: Heroism, Renounce Religion


You were on level 9 of the Dungeon.
You worshipped Okawaru.
Okawaru was most pleased with you.
You were not hungry.

You visited 2 branches of the dungeon, and saw 10 of its levels.

You collected 338 gold pieces.

Inventory:

Hand Weapons
 a - a +2 long sword (weapon)
 n - a +1 great sword
Armour
 c - a +0 shield (worn)
 e - a +0 chain mail (worn)
 o - a +1 helmet (worn)
Jewellery
 j - a ring of poison resistance (left hand)
 p - a ring of positive energy (right hand)
Wands
 h - a wand of disintegration (9)
Scrolls
 d - 4 scrolls of identify
 g - 4 scrolls of remove curse
 i - 4 scrolls of teleportation
 l - a scroll of magic mapping
 r - 2 scrolls of fog
Potions
 b - a potion of flight
 k - 2 potions of curing
 s - a potion of resistance
Comestibles
 f - 12 rations
 m - 5 chunks of flesh


   Skills:
 * Level 7.3 Fighting
 + Level 6.9 Long Blades
 * Level 6.4 Armour
 - Level 1.2 Dodging
 + Level 6.5 Shields


You had 9 spell levels left.
You didn't know any spells.
Your spell library contained the following spells:

 Spells                   Type           Power        Failure   Level  Hunger
 Beastly Appendage        Tmut           #.....       100%        1    ##.....
 Sticks to Snakes         Tmut           #.......     100%        2    ###....
 Spider Form              Tmut/Pois      #.........   100%        3    ####...
 Ice Form                 Ice/Tmut       #.......     100%        4    #####..
 Blade Hands              Tmut           #.........   100%        5    ######.


Dungeon Overview and Level Annotations

Branches:
Dungeon (9/15)             Temple (1/1) D:6
   Lair: D:8-11         Orc: D:9-12

Altars:
Ashenzari
Cheibriados
Dithmenos
Fedhas
Gozag
Hepliaklqana
Makhleb
Nemelex Xobeh
Okawaru
Qazlal
Ru
Sif Muna
Trog
Uskayaw
Vehumet
Wu Jian
Xom
Yredelemnul
Zin
The Shining One

Shops:
D:5 [

Annotations:
D:5 3 runed doors, Sun's ghost, novice DEWz


Innate Abilities, Weirdness & Mutations

You have razor-sharp teeth.
Your natural rate of healing is unusually fast.
When hurt, damage is shared between your health and your magic reserves.
Your bite disrupts and absorbs the magic of your enemies.
Potions cannot restore your health.
You are immune to rotting.


Message History

You block the troll's attack. The troll claws you but does no damage.
The troll claws you.
You closely miss the troll.
The troll is moderately wounded.
You block the troll's attack.
The troll claws you but does no damage. x2
The orc wizard gestures wildly while chanting.
The orc wizard seems to speed up.
You slash the troll! Your bite misses the troll.
The troll is heavily wounded.
The orc wizard hits you but does no damage.
The troll bites you but does no damage. The troll claws you.
The troll claws you!
* * * LOW HITPOINT WARNING * * *
You block the orc wizard's attack.
You slash the troll!
The troll is almost dead.
The troll bites you!
* * * LOW HITPOINT WARNING * * *
The troll claws you!
You die...

... .!....
....$...
..#.....#
.....#.# ....#.#
.....# ## #To..#
##8## #@..(#
8...8##....#
.....##....#
.....>#....#+###
.....##.........
8...8##...##....
##8## #)).......
######.[.##....
#.......## ...


You could see a troll and an orc wizard.

Vanquished Creatures
  A troll (D:9)
  A hippogriff (D:7)
  A steam dragon (D:8)
  Edmund (D:5)
  Duvessa (D:7)
  3 orc warriors
  A phantom (D:5)
  2 sky beasts (D:5)
  6 ogres
  3 ice beasts
  2 centaurs
  A big kobold (D:5)
  3 bullfrogs
  Dowan (D:7)
  A scorpion (D:6)
  4 crimson imps
  A quasit (D:4)
  2 jellies
  3 hounds
  6 orc wizards
  4 orc priests
  Jessica (D:3)
  2 iguanas
  Ijyb (D:3)
  Terence (D:2)
  Natasha (twice) (D:2)
  4 worker ants
  A killer bee zombie (D:8)
  9 gnolls
  12 adders
  2 oozes
  An adder skeleton (D:4)
  3 worms
  3 dart slugs
  22 orcs
  6 bats
  7 giant cockroaches
  9 goblins
  12 hobgoblins
  5 jackals
  9 kobolds
  5 quokkas
  4 frilled lizards
  A leopard gecko zombie (D:6)
  2 quokka skeletons
  11 rats
183 creatures vanquished.

Notes
Turn   | Place    | Note
-------+----------+-------------------------------------------
     0 | D:1      | JeffiDaFish the Vine Stalker Fighter began the quest for
                  | the Orb.
     0 | D:1      | Reached XP level 1. HP: 11/11 MP: 2/2
    52 | D:1      | Reached XP level 2. HP: 16/16 MP: 3/3
    82 | D:1      | Reached skill level 3 in Fighting
   135 | D:1      | Reached XP level 3. HP: 16/20 MP: 4/4
   429 | D:2      | Noticed Terence
   445 | D:2      | Killed Terence
   445 | D:2      | Gained mutation: Your natural rate of healing is unusually
                  | fast. [Vine Stalker growth]
   445 | D:2      | Reached XP level 4. HP: 24/24 MP: 5/5
   531 | D:2      | Noticed Natasha
   541 | D:2      | Killed Natasha
   544 | D:2      | Reached XP level 5. HP: 28/28 MP: 6/6
   825 | D:2      | Noticed Natasha
   838 | D:2      | Killed Natasha
   898 | D:2      | Found a sparkling altar of Nemelex Xobeh.
  1244 | D:3      | Noticed Ijyb
  1270 | D:3      | Killed Ijyb
  1270 | D:3      | Reached XP level 6. HP: 10/33 MP: 3/7
  1437 | D:3      | Found a deep blue altar of Sif Muna.
  1437 | D:3      | Noticed Jessica
  1447 | D:3      | Killed Jessica
  1709 | D:3      | Reached skill level 4 in Fighting
  1709 | D:3      | Reached XP level 7. HP: 2/37 MP: 1/8
  1904 | D:3      | Found an ornate altar of the Wu Jian Council.
  2664 | D:4      | Found a bloodstained altar of Trog.
  2996 | D:5      | Entered Level 5 of the Dungeon
  3093 | D:5      | Noticed Edmund
  3118 | D:5      | Killed Edmund
  3118 | D:5      | Reached skill level 5 in Long Blades
  3118 | D:5      | Gained mutation: You have razor-sharp teeth. [Vine Stalker
                  | growth]
  3118 | D:5      | Reached XP level 8. HP: 40/42 MP: 7/9
  3160 | D:5      | Found an iron altar of Okawaru.
  3180 | D:5      | Became a worshipper of Warmaster Okawaru
  3241 | D:5      | Reached skill level 1 in Dodging
  3241 | D:5      | Reached skill level 5 in Shields
  3375 | D:5      | Reached skill level 5 in Fighting
  3578 | D:5      | Found Yrphugis's Antique Armour Emporium.
  3586 | D:5      | Found a runed gate.
  3729 | D:5      | Found a runed gate.
  3729 | D:5      | Found a runed gate.
  3950 | D:5      | Noticed Sun's ghost (novice DEWz)
  4066 | D:6      | Found a sacrificial altar of Ru.
  4202 | D:6      | Reached * piety under Okawaru
  4257 | D:6      | Reached XP level 9. HP: 45/47 MP: 10/10
  4287 | D:6      | Reached skill level 5 in Armour
  4601 | D:6      | Found a staircase to the Ecumenical Temple.
  4614 | Temple   | Entered the Ecumenical Temple
  4969 | D:7      | Found a shadowy altar of Dithmenos.
  4978 | D:7      | Noticed Duvessa
  4978 | D:7      | Noticed Dowan
  4997 | D:7      | Killed Duvessa
  5007 | D:7      | Killed Dowan
  5007 | D:7      | Reached skill level 6 in Fighting
  5195 | D:7      | Reached ** piety under Okawaru
  5347 | D:7      | Found a snail-covered altar of Cheibriados.
  5490 | D:7      | Found a burning altar of Makhleb.
  5877 | D:8      | Reached skill level 7 in Fighting
  5881 | D:8      | Reached *** piety under Okawaru
  5881 | D:8      | Reached XP level 10. HP: 34/55 MP: 8/11
  5941 | D:8      | Found a shattered altar of Ashenzari.
  5993 | D:8      | Found a glowing silver altar of Zin.
  6654 | D:9      | Slain by a troll

Skill      XL: |  1  2  3  4  5  6  7  8  9 |
---------------+----------------------------+-----
Fighting       | 3 4 5 7 |  7.3
Shields        | 3 4 5 6 |  6.5
Long Blades    | 2 3 4 5 6 |  6.9
Armour         | 3 4 6 |  6.4
Dodging        | 1 |  1.2

Action                   |  1- 3 |  4- 6 |  7- 9 | 10-12 || total
-------------------------+-------+-------+-------+-------++-------
Melee: Long sword        |    60 |   175 |   321 |    73 ||   629
       Bite              |    19 |    56 |   109 |    20 ||   204
       Great sword       |       |       |     9 |       ||     9
  Use: Potion            |     4 |     3 |     3 |     2 ||    12
       Scroll            |       |     4 |     7 |     1 ||    12
  Eat: Chunk             |       |     3 |    10 |     3 ||    16
       Ration            |       |       |     1 |       ||     1
Armor: Scale mail        |    14 |       |       |       ||    14
       Chain mail        |    13 |    92 |   157 |    78 ||   340
       Skin              |       |       |     7 |       ||     7
Dodge: Dodged            |    17 |    35 |    62 |    35 ||   149
Block: Shield            |    29 |    86 |   179 |    62 ||   356
       Rpst.: Long sword |     4 |     9 |    14 |    10 ||    37
       Great sword       |       |       |     4 |       ||     4
